 Dungeon Crawl Stone Soup version 0.31-a0-236-g9a0961fb85 (webtiles) character file.

Game seed: 1164302684702065087

165 qw the Shooter (level 5, 0/44 HPs)
             Began as a Minotaur Hexslinger on July 10, 2023.
             Slain by an orc
             ... wielding a +0 hand axe
              (1 damage)
             ... on level 3 of the Dungeon.
             The game lasted 00:01:00 (2338 turns).

qw the Shooter (Minotaur Hexslinger)                Turns: 2338, Time: 00:01:01

Health: 0/44       AC:  5    Str: 12    XL:     5   Next: 22%
Magic:  5/5        EV: 12    Int: 10    God:
Gold:   144        SH:  0    Dex: 15    Spells: 5/6 levels left

rFire   . . .        Y - +1 sling
rCold   . . .        (no shield)
rNeg    . . .        c - +0 leather armour {rPois}
rPois   +            (helmet restricted)
rElec   .            d - +0 cloak
rCorr   .            b - +0 pair of gloves
SInv    .            (no boots)
Will    .....        (no amulet)
Stlth   +            (no ring)
HPRegen 0.27/turn    (no ring)
MPRegen 0.09/turn

%: no passive effects
@: no status effects
A: horns 2, retaliatory headbutt
a: no special abilities


You were on level 3 of the Dungeon.
You visited 1 branch of the dungeon, and saw 3 of its levels.

You collected 144 gold pieces.


Innate Abilities, Weirdness & Mutations

You have a pair of horns on your head.
You reflexively headbutt those who attack you in melee.


   Skills:
 + Level 2.8 Fighting
 - Level 5.2 Ranged Weapons
 - Level 1.4 Armour
 - Level 2.1 Dodging
 - Level 1.0 Spellcasting
 - Level 2.0 Hexes


You had 5 spell levels left.
You knew the following spells:

 Your Spells              Type           Power      Damage    Failure   Level
a - Slow                  Hex            16%        N/A       19%         1

Your spell library contained the following spells:

 Spells                   Type           Power      Damage    Failure   Level
 Inner Flame              Hex/Fire       2%         N/A       65%         3
 Portal Projectile        Hex/Tloc       4%         N/A       65%         3
 Cause Fear               Hex            2%         N/A       88%         4

Inventory:

Hand Weapons
 Y - a +1 sling (weapon)
Armour
 b - a +0 pair of gloves (worn)
 c - a +0 leather armour of poison resistance (worn)
 d - a +0 cloak (worn)
 e - a +0 ring mail
Jewellery
 g - a ring of poison resistance
Potions
 a - a potion of magic {unknown}
 f - a potion of invisibility {unknown}
 h - a potion of degeneration {unknown}
 j - a potion of berserk rage {unknown}

Dungeon Overview and Level Annotations

Branches:
Dungeon (3/15)

Altars:


Message History

2330 ||| Stepping ~*~*~tactically~*~*~ (outnumbered).
You shoot a sling bullet.
The sling bullet barely misses the orc priest.
You shoot a sling bullet. The sling bullet hits the orc priest.
The orc priest is moderately wounded.
The orc priest hits you with a +0 hand axe. x2
You shoot a sling bullet. The sling bullet hits the orc priest.
The orc priest is severely wounded.
The orc hits you with a +0 hand axe.
The orc priest hits you with a +0 hand axe.
The orc priest mumbles some strange prayers to Beogh against you.
Beogh smites you!
You shoot a sling bullet.
The sling bullet completely misses the orc priest.
The orc priest barely misses you. The orc misses you.
You shoot a sling bullet.
The sling bullet hits the orc priest but does no damage.
The orc priest is severely wounded.
The orc priest casts a cantrip, but nothing happens.
The orc barely misses you. The orc hits you with a +0 flail.
The orc priest barely misses you. You furiously retaliate!
You headbutt the orc priest. You shoot a sling bullet.
The sling bullet hits the orc priest but does no damage.
The orc priest is almost dead.
The orc cheers loudly, as Orcs often do.
The orc closely misses you. The orc barely misses you.
The orc priest hits you but does no damage.
You shoot a sling bullet. The sling bullet hits the orc priest.
You kill the orc priest!
The orc hits you with a +0 flail. The orc misses you.
You shoot a sling bullet. The sling bullet hits the orc.
The orc is heavily wounded.
The orc hits you but does no damage.
The kobold throws a stone.
The stone closely misses you. The orc completely misses you.
The orc priest begins to cast a cantrip, but forgets the words!
The orc closely misses you. The orc misses you.
The orc hits you with a +0 flail of protection.
The orc hits you with a +0 hand axe.
You die...

.........#####
.............# #####
.............#### #....
................# #....
..##............####....
........................
...#....................
........#####...........
.....oK@........####....
......ooo.......# #....
......##......... #....
................. .....
................. .#.#..
................ .##
........#.....##
#....o.. .....# ..K....
.....#


You could see an orc priest, 3 orcs and a kobold.

Vanquished Creatures
  An orc priest (D:3)
  Terence (D:3)
  3 gnolls (D:2)
  2 adders
  A worm (D:2)
  2 ball pythons (D:1)
  6 endoplasms
  2 giant cockroaches (D:2)
  4 hobgoblins
  3 jackals (D:2)
  4 quokkas
  8 bats
  6 frilled lizards
  8 goblins
  6 kobolds
  A rat (D:1)
58 creatures vanquished.

Notes
Turn   | Place    | Note
-------+----------+-------------------------------------------
     0 | D:1      | qw the Minotaur Hexslinger began the quest for the Orb.
     0 | D:1      | Reached XP level 1. HP: 16/16 MP: 1/1
     0 | D:1      | 0 ||| qw: Version: 0.3-a-51-g015441d
     0 | D:1      | 0 ||| qw: Game counter: 4481
     0 | D:1      | 0 ||| qw: Melee chars always use a shield: true
     0 | D:1      | 0 ||| qw: God list: Okawaru
     0 | D:1      | 0 ||| qw: Allow faded altars: false
     0 | D:1      | 0 ||| qw: Do Orc after clearing Dungeon:15 true
     0 | D:1      | 0 ||| qw: Do second Lair branch before Depths: true
     0 | D:1      | 0 ||| qw: Lair rune preference: random
     0 | D:1      | 0 ||| qw: Goals: Normal
     0 | D:1      | 0 ||| PLANNING D:1-11
   174 | D:1      | Reached skill level 3 in Ranged Weapons
   178 | D:1      | Reached XP level 2. HP: 17/23 MP: 2/2
   595 | D:1      | Reached XP level 3. HP: 29/29 MP: 3/3
   669 | D:1      | Found a faded altar of an unknown god.
   683 | D:1      | 683 ||| UPGRADING to +0 cloak.
   688 | D:1      | 688 ||| UPGRADING to +0 ring mail.
   698 | D:1      | 698 ||| DROPPING +0 robe.
   699 | D:1      | 699 ||| READING scroll labelled TOSOWNUFYGH.
   700 | D:1      | 700 ||| READING scroll labelled LENWURO QAFITZ.
   701 | D:1      | 701 ||| READING 2 scrolls labelled SANWAZ IBAJ.
   704 | D:1      | 704 ||| READING scroll labelled PIXKIA GAHE.
   705 | D:1      | 705 ||| READING 2 scrolls labelled JEOK FEULOVOSK.
   706 | D:1      | 706 ||| DROPPING scroll of poison.
   707 | D:1      | 707 ||| DROPPING scroll of amnesia.
   791 | D:2      | You fall into a shaft and drop 1 floor!
   792 | D:3      | 792 ||| READING scroll labelled WOUNYECO ATTY.
   908 | D:2      | Reached skill level 4 in Ranged Weapons
  1149 | D:2      | Reached skill level 1 in Armour
  1149 | D:2      | 1149 ||| Stepping ~*~*~tactically~*~*~ (outnumbered).
  1156 | D:2      | HP: 6/29 [gnoll/+0 spear (4)]
  1157 | D:2      | 1157 ||| READING scroll of teleportation.
  1383 | D:2      | HP: 3/29 [worm (8)]
  1385 | D:2      | HP: 1/29 [worm (2)]
  1387 | D:2      | Reached XP level 4. HP: 2/36 MP: 4/4
  1982 | D:2      | 1982 ||| UPGRADING to +0 pair of gloves.
  1987 | D:2      | 1987 ||| UPGRADING to +0 leather armour of poison
                  | resistance.
  1997 | D:2      | 1997 ||| READING scroll labelled GEV MAASIECIBI.
  1998 | D:2      | 1998 ||| READING scroll labelled LULATI USAHE.
  1999 | D:2      | 1999 ||| READING scroll labelled IGESACV UNISEA.
  2206 | D:3      | Noticed Terence
  2224 | D:3      | Killed Terence
  2225 | D:3      | Reached skill level 5 in Ranged Weapons
  2225 | D:3      | Reached XP level 5. HP: 24/41 MP: 5/5
  2322 | D:3      | 2322 ||| Stepping ~*~*~tactically~*~*~ (outnumbered).
  2324 | D:3      | 2324 ||| Stepping ~*~*~tactically~*~*~ (outnumbered).
  2326 | D:3      | 2326 ||| Stepping ~*~*~tactically~*~*~ (outnumbered).
  2328 | D:3      | 2328 ||| FLEEEEING.
  2330 | D:3      | 2330 ||| Stepping ~*~*~tactically~*~*~ (outnumbered).
  2335 | D:3      | HP: 9/41 [orc/+0 flail (5)]
  2338 | D:3      | HP: 1/44 [orc/+0 flail of protection (5)]
  2338 | D:3      | Slain by an orc

Levels and vault maps discovered:
D:1:      ebering_trefoil_3fold, layout_basic,
          shapermc_ecumenical_altar_mp_vishouse, minivault_19,
          minmay_hexomino_p4
D:2:      layout_basic, serial_co_window_serial, co_window_corner_a,
          co_window_paths_a, co_window_of_opportunity_a, co_window_paths_b,
          co_window_paths_a, co_window_of_opportunity_c, co_window_broadway_c,
          co_window_corner_b, co_window_4corner_a, glass_columns_a,
          glass_columns_c, glass_columns_a, glass_columns_a,
          hangedman_decor_clover_reticule, hangedman_decor_push,
          eino_tiny_chamber
D:3:      layout_basic, general_overflow_altar, uniq_terence

Skill      XL: |  1  2  3  4 |
---------------+-------------+-----
Ranged Weapons | 3 4 5 |  5.2
Fighting       | 2 |  2.8
Armour         | 1 |  1.4
Dodging        | |  2.1
Spellcasting   | |  1.0
Hexes          | |  2.0

Action                     |  1- 3 |  4- 6 || total
---------------------------+-------+-------++-------
   Fire: Sling             |   166 |    74 ||   240
    Use: Scroll            |     7 |     3 ||    10
 Armour: Robe              |     5 |       ||     5
         Ring mail         |    28 |     2 ||    30
         Leather armour    |       |    12 ||    12
  Dodge: Dodged            |    81 |    36 ||   117

Table legend:
 A = Non-vault XP
 B = Vault XP
 C = Vault XP percentage of total XP
 D = Non-vault monster count
 E = Vault monster count
 F = Vault count percentage of total count
                 A         B        C        D         E       F
            +---------+---------+-------+---------+---------+-------
      Total |     193 |      44 |  18.6 |      54 |       4 |   6.9
            +---------+---------+-------+---------+---------+-------
        D:1 |      35 |       6 |  14.6 |      23 |       3 |  11.5
        D:2 |      95 |       0 |   0.0 |      24 |       0 |   0.0
        D:3 |      63 |      38 |  37.6 |       7 |       1 |  12.5
            +---------+---------+-------+---------+---------+-------
